 Dungeon Crawl Stone Soup version 0.22-a0 (webtiles) character file.

39 Dordric the Chopper (level 3, 0/31 HPs)
             Began as a Hill Orc Fighter on Dec 31, 2017.
             Succumbed to an adder's poison
             ... on level 2 of the Dungeon.
             The game lasted 00:01:16 (628 turns).

Dordric the Chopper (Hill Orc Fighter)               Turns: 628, Time: 00:01:16

Health: 0/31       AC:  6    Str: 18    XL:     3   Next: 45%
Magic:  3/3        EV:  7    Int:  8    God:
Gold:   67         SH:  9    Dex: 11    Spells: 2/2 levels left

rFire    . . .     SeeInvis .   a - +0 war axe
rCold    . . .     Gourm    .   c - +0 shield
rNeg     . . .     Faith    .   b - +0 scale mail
rPois    .         Spirit   .   (no helmet)
rElec    .         Reflect  .   (no cloak)
rCorr    .         Harm     .   (no gloves)
MR       .....                  (no boots)
Stlth    ..........             (no amulet)
HPRegen  0.10/turn              (no ring)
MPRegen  0.08/turn              (no ring)

@: lethally poisoned (0 -> -6)
A: no striking features
a: no special abilities


You were on level 2 of the Dungeon.
You were not hungry.

You visited 1 branch of the dungeon, and saw 2 of its levels.

You collected 67 gold pieces.

Inventory:

Hand Weapons
 a - a +0 war axe (weapon)
Armour
 b - a +0 scale mail (worn)
 c - a +0 shield (worn)
Scrolls
 e - a scroll of identify {unknown}
 l - a scroll of fear {unknown}
 o - a scroll of fog {unknown}
Potions
 d - a potion of might
 g - 2 potions of invisibility {unknown}
 h - a potion of haste {unknown}
 i - 2 potions of berserk rage {unknown}
 j - a potion of heal wounds {unknown}
 k - a potion of agility {unknown}
 m - 2 potions of ambrosia {unknown}
 n - a potion of degeneration {unknown}
 p - a potion of lignification {unknown}
Comestibles
 f - 2 rations


   Skills:
 - Level 3.6 Fighting
 + Level 5.0 Axes
 - Level 3.2 Armour
 - Level 3.2 Shields


You had 2 spell levels left.
You didn't know any spells.

Dungeon Overview and Level Annotations

Branches:
Dungeon (2/15)

Altars:


Message History

You miss the bat.
* * * LOW HITPOINT WARNING * * *
You feel sick. The bat hits you but does no damage. The quokka bites you.
* * * LOW HITPOINT WARNING * * *
You barely miss the quokka.
The quokka is heavily wounded.
* * * LOW HITPOINT WARNING * * *
You feel sick. The bat hits you but does no damage.
The quokka bites you but does no damage.
You block the quokka's attack.
Your shield and scale mail prevent you from hitting the quokka.
The quokka is heavily wounded.
* * * LOW HITPOINT WARNING * * *
You feel sick. You block the bat's attack. The bat hits you but does no damage.
The quokka barely misses you.
You hit the quokka.
The quokka is severely wounded.
You hit the bat.
You kill the bat!
You die...

#..........# #.
.#####.###.# ..# #. ...
#.# ...###. ###.###.#
#.#.#. #.....# $ #....#
##..### ...###.#..# #..#
......r#..########..####
#..†@........##......
#..##†...............
#..##..#.###<##.#####
#......#.# #.##.#
.###.##.##.###.##†##
........##.........#
.###...........##..#
#######.###.##..#
#.........#


You could see a quokka.

Vanquished Creatures
  An adder (D:2)
  An ooze (D:2)
  3 dart slugs
  A leopard gecko (D:2)
  A giant cockroach (D:1)
  3 goblins
  3 hobgoblins
  2 bats
  A kobold (D:1)
  2 rats (D:1)
18 creatures vanquished.

Notes
Turn   | Place    | Note
-------+----------+-------------------------------------------
     0 | D:1      | Dordric the Hill Orc Fighter began the quest for the Orb.
     0 | D:1      | Reached XP level 1. HP: 19/19 MP: 1/1
    51 | D:1      | Reached skill level 3 in Axes
   167 | D:1      | Reached XP level 2. HP: 22/26 MP: 2/2
   348 | D:1      | Reached skill level 4 in Axes
   591 | D:2      | Reached XP level 3. HP: 29/31 MP: 3/3
   621 | D:2      | Reached skill level 5 in Axes
   627 | D:2      | HP: 1/31 [poisoned by an adder]
   628 | D:2      | Succumbed to an adder's poison

Vault maps used:
D:1:      ncdulo_wetmaze, roderic_serpentine_path, st_stairs_9,
          minmay_pentomino_o2
D:2:      okawaru_altar_gauntlet_db, tso_oasis_becter,
          nicolae_overflow_crystal_walls, gammafunk_temple_overflow_forgotten,
          minmay_tripent, uniq_jessica, uniq_natasha

Skill      XL: |  1  2  3 |
---------------+----------+-----
Axes           | 3 4 5 |  5.0
Fighting       | |  3.6
Armour         | |  3.2
Shields        | |  3.2

Action                   || total
-------------------------++-------
Melee: War axe           ||    57
Armor: Scale mail        ||    23
Dodge: Dodged            ||    17
Block: Shield            ||    36

Table legend:
 A = Spawn XP
 B = Non-spawn XP
 C = Spawn XP percentage of total XP
 D = Spawn monster count
 E = Non-spawn monster count
 F = Spawn count percentage of total count
 G = Total turns spent on level
                    A         B        C        D         E        F      G
               +---------+---------+-------+---------+---------+-------+---------
         Total |       0 |      56 |   0.0 |       0 |      18 |   0.0 |   628
               +---------+---------+-------+---------+---------+-------+---------
           D:1 |       0 |      22 |   0.0 |       0 |      11 |   0.0 |   548
           D:2 |       0 |      34 |   0.0 |       0 |       7 |   0.0 |    80
               +---------+---------+-------+---------+---------+-------+---------
